 Dungeon Crawl Stone Soup version 0.29.1-1-gd02db6906a (console) character file.

Game seed: 583782026985835949

3 sentinel the Digger (level 1, 14/14 HPs)
             Began as a Meteoran Earth Elementalist on Oct 8, 2022.
             Quit the game on level 1 of the Dungeon.
             The game lasted 00:00:04 (94 turns).

sentinel the Digger (Meteoran Earth Elementalist)     Turns: 94, Time: 00:00:05

Health: 14/14      AC:  2    Str:  9    XL:     1   Next: 71%
Magic:  5/5        EV: 12    Int: 16    God:
Gold:   0          SH:  0    Dex: 14    Spells: 4/5 levels left

rFire   . . .      SeeInvis .   (no weapon)
rCold   . . .      Faith    .   (no shield)
rNeg    . . .      Spirit   .   a - +0 robe
rPois   .          Reflect  .   (no helmet)
rElec   .          Harm     .   (no cloak)
rCorr   .          Rampage  .   (no gloves)
Will    .....                   (no boots)
Stlth   +.........              (no amulet)
HPRegen 0.04/turn               (no ring)
MPRegen 0.09/turn               (no ring)

@: glowing
A: sense surroundings 1, otherworldly, glowing, explore regen
a: no special abilities


You were on level 1 of the Dungeon.
You visited 1 branch of the dungeon, and saw 1 of its levels.

Inventory:

Armour
 a - a +0 robe (worn)
Scrolls
 c - a scroll of enchant armour {unknown}
 d - a scroll of immolation {unknown}
Potions
 b - a potion of magic


   Skills:
 - Level 2.4 Dodging
 - Level 1.4 Stealth
 - Level 2.6 Spellcasting
 - Level 1.2 Transmutations
 + Level 3.9 Earth Magic


You had 4 spell levels left.
You knew the following spells:

 Your Spells              Type           Power      Damage    Failure   Level
a - Sandblast             Erth           28%        2d8       3%          1

Your spell library contained the following spells:

 Spells                   Type           Power      Damage    Failure   Level
 Passwall                 Tmut/Erth      8%         N/A       10%         2
 Stone Arrow              Conj/Erth      16%        3d8       26%         3
 Petrify                  Tmut/Erth      10%        N/A       54%         4


Dungeon Overview and Level Annotations

Branches:
Dungeon (1/15) Zot: 502

Altars:


Innate Abilities, Weirdness & Mutations

You passively map a small area around you.
You are easily found by Zot.
You glow in the dark.
You regain HP and MP as you explore.


Message History

Unknown command.
The blast of sand misses the rat.
A rat comes into view.
The giant cockroach waves its antennae.
The blast of sand misses the rat.
The rat bites you but does no damage.
Unknown command.
The blast of sand hits the rat.
You kill the rat!
The giant cockroach bites you.
The giant cockroach bites you but does no damage.
The rat twitches its whiskers.
Unknown command.
The blast of sand hits the giant cockroach!
You kill the giant cockroach!
The rat bites you.
Unknown command.
The blast of sand hits the rat!
You kill the rat!
Unknown command.
No target in view!
No target in view!
You are out of magic!
Unknown command.
You are out of magic!
Unknown command.
You are out of magic!
Unknown command.
You are out of magic!
Unknown command.
No target in view!
No target in view!
You are out of magic!
Unknown command.
You are out of magic!
Unknown command.
You are out of magic!
Unknown command.
You are out of magic!
Unknown command.
You see here a rat corpse.
A rat comes into view.
Unknown command.
But you're not safe!
Unknown command.
But you're not safe!
Unknown command.
But you're not safe!
Unknown command.
But you're not safe!
Unknown command.
The blast of sand hits the rat.
The rat is moderately wounded.
The blast of sand misses the rat.
Unknown command.
You are out of magic!
Unknown command.
You are out of magic!
Unknown command.
You are out of magic!
Unknown command.
You hit the rat.
The rat is moderately wounded.
The rat bites you.
You barely miss the rat.
The rat is moderately wounded.
The rat misses you.
You are out of magic!
Unknown command.
You are out of magic!
Unknown command.
You are out of magic!
Unknown command.
You are out of magic!
Unknown command.
You hit the rat but do no damage.
The rat is moderately wounded.
The rat bites you.
You hit the rat but do no damage.
The rat is moderately wounded.
The rat misses you.
You miscast Sandblast.
You are very lightly contaminated with residual magic.
Nothing appears to happen.
The rat bites you but does no damage.
You are out of magic!
Unknown command.
You are out of magic!
Unknown command.
You are out of magic!
Unknown command.
But you're not safe!
Unknown command.
But you're not safe!
Unknown command.
But you're not safe!
Unknown command.
But you're not safe!
Unknown command.
But you're not safe!
Unknown command.
You closely miss the rat.
The rat is moderately wounded.
The rat bites you.
You hit the rat.
You kill the rat!
You are out of magic!
Unknown command.
You are out of magic!
Unknown command.
You are out of magic!
Unknown command.
You are out of magic!
Unknown command.
No target in view!
No target in view!
You are out of magic!
Unknown command.
You are out of magic!
Unknown command.
You are out of magic!
Unknown command.
You are out of magic!
Unknown command.
No target in view!
No target in view!
You are out of magic!
Unknown command.
You are out of magic!
Unknown command.
You are out of magic!
Unknown command.
You are out of magic!
Unknown command.
You start waiting.
Your magical contamination has completely faded away.
Unknown command.
c - a scroll labelled XUYPOA OWYFFO Unknown command.
d - a scroll labelled ILOTWY PESUL Unknown command.
Magic restored.
HP restored.
Found a stone staircase leading down.
Unknown command.
Found 15 gold pieces.
Unknown command.
Unknown command.
Unknown command.
Unknown command.
Unknown command.
Are you sure you want to abandon this character and quit the game? (Confirm with "yes".)

##...####
###....>..+,
,,
#.........#
, ,
#.##...##.#
,
#.##.#.##.#
,
#.##...##.#
,
#.###.###.#
#.###.###.#
#.@.......#
,
###.#......*
.# .... * *
*.# . * .#
.$ , ## , ,
*


There were no monsters in sight!

Vanquished Creatures
  A giant cockroach (D:1)
  3 rats (D:1)
4 creatures vanquished.

Notes
Turn   | Place    | Note
-------+----------+-------------------------------------------
     0 | D:1      | sentinel the Meteoran Earth Elementalist began the quest
                  | for the Orb.
     0 | D:1      | Reached XP level 1. HP: 14/14 MP: 5/5
    94 | D:1      | Quit the game

Illustrated notes

Levels and vault maps discovered:
D:1:      dpeg_arrival_tiny_k, layout_loops_corners,
          shapermc_ecumenical_altar_mp_vishouse, minmay_bisected

Action                   || total
-------------------------++-------
Melee: Unarmed           ||     6
 Cast: Sandblast         ||     7
Armor: Robe              ||     3
Dodge: Dodged            ||     2
